[Event "22nd Ruzomberok Open 2019"]
[Site "Ruzomberok"]
[Date "2019.07.01"]
[Round "3.37"]
[White "Segeda, Milos"]
[Black "Demko, Ladislav"]
[Result "0-1"]
[ECO "C65"]
[WhiteElo "1446"]
[BlackElo "1642"]
[Annotator "NA"]
[PlyCount "80"]
[EventDate "2019.06.29"]
[EventType "swiss"]
[EventCountry "SVK"]
[SourceTitle "playchess.com"]
[Source "ChessBase"]
[SourceQuality "1"]
[TimeControl "40/5400+30:1800+30"]

1. e4 e5 2. Nf3 Nc6 3. Bb5 Nf6 4. d3 d6 5. Bg5 Be7 6. Bxf6 Bxf6 7. h3 O-O 8. O-O a6 9. Bxc6 bxc6 10. Nbd2 Re8 11. c4 c5 12. Rb1 c6 13. Nh2 Bg5 14. Ndf3 Bh6 15. g4 Bf4 16. Kh1 Kh8 17. Rg1 g6 18. Qa4 Bd7 19. b4 cxb4 20. Rxb4 c5 21. Rb8 Bxa4 22. Rxd8 Rexd8 23. Rb1 Rab8 24. Rxb8 Rxb8 25. Kg2 Rb2 26. Nf1 Rxa2 27. h4 Bc2 28. Ng5 Bxg5 29. hxg5 Bxd3 30. Ng3 Bxc4 31. Nf5 gxf5 32. gxf5 Bd3 33. Kf3 Be2+ 34. Ke3 Bf1 35. f3 c4 36. f4 exf4+ 37. Kxf4 c3 38. g6 hxg6 39. e5 dxe5+ 40. Kxe5 gxf5 0-1

[Event "22nd Ruzomberok Open 2019"]
[Site "Ruzomberok"]
[Date "2019.07.01"]
[Round "3.38"]
[White "Horbal, Michal"]
[Black "Cebo, Vladimir"]
[Result "0-1"]
[ECO "D00"]
[WhiteElo "1121"]
[BlackElo "1577"]
[Annotator "NA"]
[PlyCount "72"]
[EventDate "2019.06.29"]
[EventType "swiss"]
[EventCountry "SVK"]
[SourceTitle "playchess.com"]
[Source "ChessBase"]
[SourceQuality "1"]
[TimeControl "40/5400+30:1800+30"]

1. d4 d5 2. Bf4 e6 3. e3 Nf6 4. Be2 Bd6 5. Nh3 Qe7 6. Nd2 e5 7. dxe5 Bxe5 8. c3 Bxh3 9. gxh3 Bxf4 10. Qa4+ Nbd7 11. Qxf4 O-O-O 12. Bg4 h5 13. Bxd7+ Nxd7 14. Qd4 Nb6 15. Qxg7 Rdg8 16. Qd4 Kb8 17. O-O-O Qe6 18. Rhg1 a6 19. Rxg8+ Rxg8 20. Qf4 Nd7 21. Nf3 f6 22. Qd4 Nb6 23. a3 Rg2 24. Rg1 Rxf2 25. Qf4 Nc4 26. Nd4 Qxe3+ 27. Qxe3 Nxe3 28. Rg8+ Ka7 29. Rh8 Nc4 30. Rxh5 c6 31. Rf5 Rxh2 32. Rxf6 Rxh3 33. Kc2 Rh2+ 34. Kd3 Nxb2+ 35. Ke3 Nc4+ 36. Kd3 Rd2# 0-1

[Event "22nd Ruzomberok Open 2019"]
[Site "Ruzomberok"]
[Date "2019.07.02"]
[Round "4.1"]
[White "Jakab, Bela"]
[Black "Farkas, Gabor"]
[Result "1/2-1/2"]
[ECO "B52"]
[WhiteElo "2278"]
[BlackElo "2353"]
[Annotator "ChessBase"]
[PlyCount "145"]
[EventDate "2019.06.29"]
[EventType "swiss"]
[EventCountry "SVK"]
[SourceTitle "playchess.com"]
[Source "ChessBase"]
[SourceQuality "1"]
[TimeControl "40/5400+30:1800+30"]

1. e4 c5 2. Nf3 d6 3. Bb5+ Bd7 4. Bxd7+ Qxd7 5. O-O Nf6 6. Qe2 e6 7. b3 Be7 8. Bb2 O-O 9. d4 cxd4 10. Nxd4 Nc6 11. c4 a6 12. Nd2 Nxd4 13. Bxd4 b5 14. Rac1 Qb7 15. e5 dxe5 16. Bxe5 Rac8 17. Bxf6 Bxf6 18. Ne4 Be7 19. c5 Rc6 20. b4 Qc7 21. Rfd1 Qe5 22. Ng3 Bf6 23. Qxe5 Bxe5 24. Ne2 a5 25. Nd4 Bxd4 26. Rxd4 axb4 27. Rxb4 Ra8 28. Rxb5 Kf8 29. Rc2 Rca6 30. Rbb2 Ke8 31. Kf1 Rc8 32. Ke2 Ra5 33. c6 Ra6 34. c7 Kd7 35. Rb7 e5 36. Kd2 f5 37. Kc1 e4 38. Kb2 f4 39. Rb4 Re6 40. Rd4+ Ke7 41. Re2 Rb6+ 42. Ka3 Rxc7 43. Rdxe4+ Kf6 44. Rxf4+ Kg5 45. Rb4 Ra6+ 46. Kb3 Rc1 47. Kb2 Rh1 48. g3 Kh6 49. f4 Ra5 50. a4 g5 51. fxg5+ Rxg5 52. Rb6+ Kg7 53. Re7+ Kf8 54. Rxh7 Kg8 55. Rh4 Re5 56. Rc6 Ree1 57. Kb3 Ra1 58. Kb4 Rhb1+ 59. Ka5 Rb8 60. Rb4 Ra8+ 61. Ra6 Re8 62. Ra7 Rd1 63. h4 Rg1 64. Rg4+ Kh8 65. Rg5 Ra1 66. Ra6 Kh7 67. Rb5 Re7 68. g4 Rg1 69. g5 Rg4 70. h5 Rg7 71. Rh6+ Kg8 72. Rb8+ Kf7 73. Rf6+ 1/2-1/2

[Event "22nd Ruzomberok Open 2019"]
[Site "Ruzomberok"]
[Date "2019.07.02"]
[Round "4.2"]
[White "Movsesian, Julia"]
[Black "Karas, Marek"]
[Result "1/2-1/2"]
[ECO "C08"]
[WhiteElo "2291"]
[BlackElo "2268"]
[Annotator "NA"]
[PlyCount "32"]
[EventDate "2019.06.29"]
[EventType "swiss"]
[EventCountry "SVK"]
[SourceTitle "playchess.com"]
[Source "ChessBase"]
[SourceQuality "1"]
[TimeControl "40/5400+30:1800+30"]

1. e4 e6 2. d4 d5 3. Nd2 c5 4. exd5 exd5 5. Ngf3 a6 6. dxc5 Bxc5 7. Bd3 Qe7+ 8. Be2 Nf6 9. O-O O-O 10. Nb3 Bb6 11. Bg5 h6 12. Bh4 g5 13. Bg3 Nc6 14. c3 Ne4 15. Nfd4 Qf6 16. Bf3 Be6 1/2-1/2

[Event "22nd Ruzomberok Open 2019"]
[Site "Ruzomberok"]
[Date "2019.07.02"]
[Round "4.3"]
[White "Jablonicky, Martin"]
[Black "Holly, Andrej"]
[Result "1-0"]
[ECO "A08"]
[WhiteElo "2378"]
[BlackElo "2046"]
[Annotator "NA"]
[PlyCount "51"]
[EventDate "2019.06.29"]
[EventType "swiss"]
[EventCountry "SVK"]
[SourceTitle "playchess.com"]
[Source "ChessBase"]
[SourceQuality "1"]
[TimeControl "40/5400+30:1800+30"]

1. Nf3 d5 2. g3 c5 3. Bg2 Nc6 4. O-O e5 5. d3 Nf6 6. e4 Be7 7. exd5 Nxd5 8. Re1 f6 9. c3 O-O 10. d4 cxd4 11. cxd4 Bb4 12. Nc3 exd4 13. Nxd4 Bxc3 14. bxc3 Nxd4 15. Qxd4 Nb6 16. Qb4 Rf7 17. Be3 Bf5 18. Qb3 Bg6 19. Bxb6 axb6 20. Rad1 Qc7 21. Bd5 Kh8 22. Bxf7 Bxf7 23. Qb4 Bxa2 24. Ra1 Qc8 25. c4 Ra5 26. Qxb6 1-0

[Event "22nd Ruzomberok Open 2019"]
[Site "Ruzomberok"]
[Date "2019.07.02"]
[Round "4.4"]
[White "Vojtek, Vladimir"]
[Black "Cech, Dominik"]
[Result "1/2-1/2"]
[ECO "C88"]
[WhiteElo "2313"]
[BlackElo "2092"]
[Annotator "NA"]
[PlyCount "98"]
[EventDate "2019.06.29"]
[EventType "swiss"]
[EventCountry "SVK"]
[SourceTitle "playchess.com"]
[Source "ChessBase"]
[SourceQuality "1"]
[TimeControl "40/5400+30:1800+30"]

1. e4 e5 2. Nf3 Nc6 3. Bb5 a6 4. Ba4 Nf6 5. O-O Be7 6. Re1 b5 7. Bb3 d6 8. a4 Rb8 9. axb5 axb5 10. c3 O-O 11. d4 exd4 12. Nxd4 Nxd4 13. cxd4 c5 14. Bf4 cxd4 15. Qxd4 Be6 16. Qd1 Bxb3 17. Qxb3 Qb6 18. Nc3 b4 19. Nd1 Ra8 20. Rc1 Rfc8 21. Rxc8+ Rxc8 22. Qd3 Qc6 23. Ne3 Bf8 24. f3 Rd8 25. Bg5 Be7 26. Nf5 Qc7 27. Rc1 Qa7+ 28. Qd4 Qb7 29. Rc4 d5 30. Nxe7+ Qxe7 31. Bxf6 dxc4 32. Bxe7 Rxd4 33. Bxb4 f6 34. Kf2 Kf7 35. g4 Rd3 36. h4 Ke6 37. Kg3 g6 38. Kf4 Rd7 39. Bc3 Rd3 40. Bb4 Rb3 41. Bc3 Rb7 42. g5 fxg5+ 43. hxg5 Rd7 44. Kg4 Rf7 45. f4 Rf8 46. Bd4 Rf7 47. Bh8 Rf8 48. Bc3 Rf7 49. Bb4 Rd7 1/2-1/2

[Event "22nd Ruzomberok Open 2019"]
[Site "Ruzomberok"]
[Date "2019.07.02"]
[Round "4.5"]
[White "Ambrozi, Peter"]
[Black "Zvarik, Martin"]
[Result "0-1"]
[ECO "A46"]
[WhiteElo "1888"]
[BlackElo "2308"]
[Annotator "NA"]
[PlyCount "60"]
[EventDate "2019.06.29"]
[EventType "swiss"]
[EventCountry "SVK"]
[SourceTitle "playchess.com"]
[Source "ChessBase"]
[SourceQuality "1"]
[TimeControl "40/5400+30:1800+30"]

1. d4 Nf6 2. Nf3 d6 3. g3 Bg4 4. Bg2 Nbd7 5. O-O e5 6. c4 c6 7. Nc3 Be7 8. h3 Bxf3 9. Bxf3 O-O 10. d5 c5 11. Qc2 Ne8 12. Be4 g6 13. Bh6 Ng7 14. a3 f5 15. Bg2 Rf7 16. Bxg7 Kxg7 17. f4 exf4 18. gxf4 Bf6 19. e4 a6 20. exf5 gxf5 21. Rae1 Kh8 22. Kh1 Qg8 23. Ne2 Bh4 24. Rb1 Re8 25. Bf3 Re3 26. Rg1 Qe8 27. Bh5 Rxh3+ 28. Kg2 Qe3 29. Qc3+ Rg7+ 30. Kf1 Qf2# 0-1

[Event "22nd Ruzomberok Open 2019"]
[Site "Ruzomberok"]
[Date "2019.07.02"]
[Round "4.7"]
[White "Vacek, Ondrej"]
[Black "Hros, Roman"]
[Result "1-0"]
[ECO "A33"]
[WhiteElo "2125"]
[BlackElo "2195"]
[Annotator "ChessBase"]
[PlyCount "71"]
[EventDate "2019.06.29"]
[EventType "swiss"]
[EventCountry "SVK"]
[SourceTitle "playchess.com"]
[Source "ChessBase"]
[SourceQuality "1"]
[TimeControl "40/5400+30:1800+30"]

1. Nf3 Nf6 2. c4 c5 3. Nc3 Nc6 4. d4 cxd4 5. Nxd4 e6 6. a3 Be7 7. e4 Qc7 8. Be2 b6 9. Be3 Bb7 10. Rc1 Rc8 11. f3 Qb8 12. O-O O-O 13. b4 Ne5 14. Qb3 Ng6 15. Kh1 Rfe8 16. Bg1 Nf4 17. Rfd1 h5 18. Bf1 h4 19. Nce2 Ng6 20. h3 d5 21. cxd5 Rxc1 22. dxe6 Rxd1 23. exf7+ Kh7 24. fxe8=Q Qxe8 25. Qxd1 Bd6 26. Nf5 Bb8 27. Qe1 Nxe4 28. fxe4 Qxe4 29. Qf2 Qd3 30. Ne3 Qxa3 31. Qf5 Kh6 32. Ng4+ Kh7 33. Qh5+ Kg8 34. Qxg6 Qxh3+ 35. Bh2 Bxh2 36. Nf6+ 1-0

[Event "22nd Ruzomberok Open 2019"]
[Site "Ruzomberok"]
[Date "2019.07.02"]
[Round "4.8"]
[White "Pniaczek, Marek"]
[Black "Koloditsova, Renata"]
[Result "1-0"]
[ECO "B13"]
[WhiteElo "2276"]
[BlackElo "1903"]
[Annotator "NA"]
[PlyCount "99"]
[EventDate "2019.06.29"]
[EventType "swiss"]
[EventCountry "SVK"]
[SourceTitle "playchess.com"]
[Source "ChessBase"]
[SourceQuality "1"]
[TimeControl "40/5400+30:1800+30"]

1. e4 c6 2. d4 d5 3. exd5 cxd5 4. Bd3 Nf6 5. h3 Nc6 6. Nf3 g6 7. c3 Bg7 8. Qc2 Qc7 9. O-O O-O 10. Be3 Bd7 11. Nbd2 Rfc8 12. Rfc1 a6 13. a4 Rab8 14. b4 e5 15. Nxe5 Nxe5 16. dxe5 Qxe5 17. Ba7 Ra8 18. Bd4 Qh5 19. Nb3 Qg5 20. Be3 Qe5 21. Nc5 Qc7 22. Bd4 Nh5 23. Qd2 Be8 24. a5 Nf4 25. Bxg7 Kxg7 26. Bf1 Bc6 27. Qd4+ Kg8 28. Re1 Re8 29. g3 Nh5 30. Bg2 Rad8 31. Rxe8+ Rxe8 32. Rd1 h6 33. Kh2 Qe5 34. Bxd5 Bxd5 35. Qxd5 Qxc3 36. Qd4 Qf3 37. Rd3 Qc6 38. Qd7 Nf6 39. Qxc6 bxc6 40. Rd6 Ne4 41. Rxc6 Nxf2 42. Kg2 Re2 43. Kf3 Ra2 44. Rxa6 Nxh3 45. b5 Ng5+ 46. Ke3 Ra3+ 47. Kd4 Rxg3 48. b6 Nf3+ 49. Kd5 Rg5+ 50. Kd6 1-0

[Event "22nd Ruzomberok Open 2019"]
[Site "Ruzomberok"]
[Date "2019.07.02"]
[Round "4.9"]
[White "Karcol, Jan"]
[Black "Borsos, Bogdan"]
[Result "0-1"]
[ECO "D05"]
[WhiteElo "1882"]
[BlackElo "2216"]
[Annotator "ChessBase"]
[PlyCount "57"]
[EventDate "2019.06.29"]
[EventType "swiss"]
[EventCountry "SVK"]
[SourceTitle "playchess.com"]
[Source "ChessBase"]
[SourceQuality "1"]
[TimeControl "40/5400+30:1800+30"]

1. d4 Nf6 2. Nf3 e6 3. e3 c5 4. Bd3 d5 5. c3 Nc6 6. O-O Bd6 7. Nbd2 O-O 8. dxc5 Bxc5 9. e4 dxe4 10. Nxe4 Nxe4 11. Bxe4 Qxd1 12. Rxd1 Bb6 13. b4 Rd8 14. Bb2 Bd7 15. a3 f5 16. Bc2 h6 17. Bb3 Kf8 18. Rxd7 Rxd7 19. Bxe6 Re7 20. Bxf5 Re2 21. Rb1 Rxf2 22. Kh1 Re8 23. Bd3 Re3 24. Bb5 a6 25. Bxc6 bxc6 26. c4 Rb3 27. c5 Rbxb2 28. Rxb2 Rxb2 29. Ng1 0-1

[Event "22nd Ruzomberok Open 2019"]
[Site "Ruzomberok"]
[Date "2019.07.02"]
[Round "4.10"]
[White "Mrvova, Alena"]
[Black "Pecho, Juraj"]
[Result "1-0"]
[ECO "B07"]
[WhiteElo "2153"]
[BlackElo "1900"]
[Annotator "NA"]
[PlyCount "79"]
[EventDate "2019.06.29"]
[EventType "swiss"]
[EventCountry "SVK"]
[SourceTitle "playchess.com"]
[Source "ChessBase"]
[SourceQuality "1"]
[TimeControl "40/5400+30:1800+30"]

1. e4 d6 2. d4 Nf6 3. Nc3 Nbd7 4. f4 e5 5. Nf3 exd4 6. Qxd4 c6 7. Be3 d5 8. e5 Ng4 9. Bg1 Bc5 10. Qd2 Bxg1 11. Rxg1 Qb6 12. Na4 Qe3+ 13. Qxe3 Nxe3 14. Bd3 c5 15. Kd2 d4 16. Bb5 b6 17. c3 Bb7 18. cxd4 cxd4 19. Nxd4 Nxg2 20. Nf5 O-O-O 21. Nd6+ Kb8 22. Nxb7 Nxe5+ 23. Nxd8 Nf3+ 24. Kc3 Nxg1 25. Nc6+ Kb7 26. Rxg1 Nxf4 27. Rxg7 Nd5+ 28. Kd4 Nc7 29. Rxf7 a6 30. Bxa6+ Kxc6 31. Rf6+ Kd7 32. Rxb6 Ne6+ 33. Ke5 Nd8 34. Bb5+ Kc7 35. Ra6 h5 36. Ra7+ Kb8 37. Rg7 h4 38. Nc3 Rh6 39. Rg8 Kc8 40. Nd5 1-0

[Event "22nd Ruzomberok Open 2019"]
[Site "Ruzomberok"]
[Date "2019.07.02"]
[Round "4.11"]
[White "Bemak, Mikhail"]
[Black "Orvisky, Vladimir"]
[Result "1-0"]
[ECO "D46"]
[WhiteElo "2102"]
[BlackElo "1719"]
[Annotator "ChessBase"]
[PlyCount "79"]
[EventDate "2019.06.29"]
[EventType "swiss"]
[EventCountry "SVK"]
[SourceTitle "playchess.com"]
[Source "ChessBase"]
[SourceQuality "1"]
[TimeControl "40/5400+30:1800+30"]

1. d4 d5 2. c4 c6 3. Nf3 Nf6 4. Nc3 e6 5. e3 Be7 6. Bd3 Nbd7 7. O-O O-O 8. b3 b6 9. Qe2 Bb7 10. Bb2 Rc8 11. Rac1 c5 12. Rfd1 Re8 13. Ne5 Ne4 14. Bxe4 cxd4 15. Bxh7+ Kxh7 16. Qh5+ Kg8 17. Qxf7+ Kh7 18. Qg6+ Kg8 19. Qxe6+ Kh7 20. Qg6+ Kg8 21. exd4 dxc4 22. Qe6+ Kh7 23. Qxd7 cxb3 24. Qf5+ Kg8 25. Qf7+ Kh7 26. axb3 Rf8 27. Qg6+ Kg8 28. Qe6+ Kh7 29. Rd3 Bh4 30. Qg6+ Kg8 31. Ng4 Qe7 32. d5 Qc5 33. g3 Rf6 34. Nxf6+ Bxf6 35. Ne4 Qxc1+ 36. Bxc1 Rxc1+ 37. Kg2 Bb2 38. Ng5 Bxd5+ 39. Rxd5 Rc8 40. Qe6+ 1-0

[Event "22nd Ruzomberok Open 2019"]
[Site "Ruzomberok"]
[Date "2019.07.02"]
[Round "4.12"]
[White "Pasztor, Ladislav"]
[Black "Motycakova, Monika"]
[Result "0-1"]
[ECO "A22"]
[WhiteElo "1857"]
[BlackElo "2150"]
[Annotator "NA"]
[PlyCount "100"]
[EventDate "2019.06.29"]
[EventType "swiss"]
[EventCountry "SVK"]
[SourceTitle "playchess.com"]
[Source "ChessBase"]
[SourceQuality "1"]
[TimeControl "40/5400+30:1800+30"]

1. c4 e5 2. Nc3 Nf6 3. g3 d5 4. cxd5 Nxd5 5. Bg2 Nb6 6. Nf3 Nc6 7. O-O Be7 8. d3 O-O 9. b3 Re8 10. Bb2 Bf8 11. Qd2 Nd4 12. Rac1 c6 13. Nh4 Be7 14. Nf3 Bb4 15. Rfd1 Bg4 16. h3 Bxf3 17. Bxf3 Nxf3+ 18. exf3 Qd7 19. Kg2 Rad8 20. Qe2 Re6 21. a3 Bxc3 22. Bxc3 f6 23. Ba5 Rd6 24. Bxb6 axb6 25. Rc3 Rd4 26. b4 Qd5 27. Qe3 Kf7 28. Kf1 Qb5 29. Ke1 c5 30. bxc5 bxc5 31. Qc1 Rxd3 32. Rdxd3 Rxd3 33. Rxc5 Qb3 34. Qc4+ Qxc4 35. Rxc4 b5 36. Rb4 Rxf3 37. Rxb5 Rxa3 38. Rb7+ Kg6 39. Ke2 h5 40. Rc7 h4 41. Rc1 hxg3 42. Rg1 Kf5 43. Rxg3 Rxg3 44. fxg3 Ke4 45. h4 g6 46. Kf2 Kf5 47. Kf3 e4+ 48. Ke3 Kg4 49. Kxe4 Kxg3 50. h5 gxh5 0-1

[Event "22nd Ruzomberok Open 2019"]
[Site "Ruzomberok"]
[Date "2019.07.02"]
[Round "4.13"]
[White "Hrnciar, Roman"]
[Black "Zahradnik, Vladimir"]
[Result "0-1"]
[ECO "A03"]
[WhiteElo "2096"]
[BlackElo "1862"]
[Annotator "NA"]
[PlyCount "118"]
[EventDate "2019.06.29"]
[EventType "swiss"]
[EventCountry "SVK"]
[SourceTitle "playchess.com"]
[Source "ChessBase"]
[SourceQuality "1"]
[TimeControl "40/5400+30:1800+30"]

1. f4 d5 2. e3 Nf6 3. Nf3 e6 4. b3 Be7 5. Bb2 O-O 6. Be2 c5 7. O-O Nc6 8. Bb5 Bd7 9. Bxc6 Bxc6 10. Ne5 Bb5 11. d3 Nd7 12. c4 Ba6 13. Qg4 f5 14. Qf3 Nxe5 15. Bxe5 b5 16. cxd5 Qxd5 17. e4 Qd7 18. Nc3 b4 19. Na4 Qxd3 20. exf5 Qxf3 21. Rxf3 exf5 22. Rc1 Rac8 23. Rg3 g6 24. Re3 Kf7 25. h4 c4 26. Bd4 Rfd8 27. Bxa7 c3 28. Kh2 Rd2 29. a3 c2 30. Re5 Bd6 31. Be3 Rd3 32. Nb6 Rcc3 33. Rd5 Rxd5 34. Nxd5 Rd3 35. Nxb4 Bxb4 36. axb4 Rxe3 37. Rxc2 Re7 38. Rc5 Bb7 39. b5 h5 40. Kg3 Ke6 41. Kf2 Kd6 42. Rc3 Be4 43. b4 Rc7 44. Rg3 Rg7 45. Rc3 Bd5 46. Ra3 Bb7 47. Rc3 Re7 48. b6 Bc6 49. Rd3+ Bd5 50. Rg3 Bf7 51. Rc3 Rb7 52. Rd3+ Kc6 53. Rd4 Kxb6 54. Ke3 Kb5 55. Kd3 Rc7 56. g3 Be6 57. Ke3 Rc3+ 58. Kf2 Rc4 59. Rd6 Re4 0-1

[Event "22nd Ruzomberok Open 2019"]
[Site "Ruzomberok"]
[Date "2019.07.02"]
[Round "4.14"]
[White "Bednar, Jan"]
[Black "Marsina, Stefan"]
[Result "1-0"]
[ECO "D37"]
[WhiteElo "2084"]
[BlackElo "1857"]
[Annotator "NA"]
[PlyCount "143"]
[EventDate "2019.06.29"]
[EventType "swiss"]
[EventCountry "SVK"]
[SourceTitle "playchess.com"]
[Source "ChessBase"]
[SourceQuality "1"]
[TimeControl "40/5400+30:1800+30"]

1. Nf3 Nf6 2. d4 d5 3. c4 e6 4. Nc3 Nbd7 5. Bg5 Be7 6. e3 h6 7. Bh4 O-O 8. Rc1 a6 9. cxd5 exd5 10. Bd3 c5 11. dxc5 Nxc5 12. Be2 Nce4 13. O-O Nxc3 14. bxc3 Qa5 15. Qb3 g5 16. Bg3 Ne4 17. Rfd1 Nxg3 18. hxg3 Rd8 19. Nd4 Rd6 20. c4 Rb6 21. Qc2 dxc4 22. Bxc4 Qe5 23. Bb3 Ba3 24. Rb1 Rf6 25. Qd3 Bf5 26. Nxf5 Qxf5 27. Qxf5 Rxf5 28. Bd5 Rb8 29. Rb3 Be7 30. Bxb7 a5 31. Bd5 Rxb3 32. axb3 Bb4 33. Kf1 Rf6 34. Ke2 Kg7 35. Rc1 Rd6 36. e4 Rd7 37. Rc2 f5 38. Be6 Ra7 39. exf5 a4 40. bxa4 Rxa4 41. Rc4 Ra2+ 42. Kf3 Ra3+ 43. Kg4 Bd6 44. Rd4 Ra6 45. Rc4 Rb6 46. Rc2 Rb4+ 47. Kh5 Rb8 48. Re2 Re8 49. Rd2 Rd8 50. Bb3 Be7 51. Re2 Bf6 52. Rc2 Be5 53. Rc6 Bd6 54. Ra6 Kf6 55. Ra7 Be7 56. Ra6+ Bd6 57. Bc2 Kg7 58. Ra7+ Kf6 59. Rh7 Bf8 60. Rh8 Rc8 61. Be4 Rd8 62. Rg8 Kf7 63. Rg6 Rd2 64. f4 gxf4 65. gxf4 Rd4 66. Re6 Bg7 67. g4 Rd1 68. g5 hxg5 69. fxg5 Rf1 70. Bd5 Kf8 71. Kg6 Bd4 72. Bc6 1-0

[Event "22nd Ruzomberok Open 2019"]
[Site "Ruzomberok"]
[Date "2019.07.02"]
[Round "4.15"]
[White "Bartek, Ladislav"]
[Black "Korenova, Simona"]
[Result "1-0"]
[ECO "B99"]
[WhiteElo "2042"]
[BlackElo "1764"]
[Annotator "NA"]
[PlyCount "47"]
[EventDate "2019.06.29"]
[EventType "swiss"]
[EventCountry "SVK"]
[SourceTitle "playchess.com"]
[Source "ChessBase"]
[SourceQuality "1"]
[TimeControl "40/5400+30:1800+30"]

1. e4 c5 2. Nf3 d6 3. d4 cxd4 4. Nxd4 Nf6 5. Nc3 a6 6. Bg5 e6 7. f4 Be7 8. Qf3 Qc7 9. O-O-O Nbd7 10. Bd3 b5 11. Rhe1 Bb7 12. Nd5 Nxd5 13. exd5 Bxd5 14. Qxd5 exd5 15. Rxe7+ Kf8 16. Bf5 Qa5 17. Rxd7 Qxa2 18. Be6 Qa1+ 19. Kd2 Qxb2 20. Rxf7+ Ke8 21. Nf5 Qb4+ 22. c3 Qb2+ 23. Kd3 Qa3 24. Nxg7# 1-0

[Event "22nd Ruzomberok Open 2019"]
[Site "Ruzomberok"]
[Date "2019.07.02"]
[Round "4.16"]
[White "Salomons, Lorenzo"]
[Black "Balogh, Peter"]
[Result "1-0"]
[ECO "A67"]
[WhiteElo "1842"]
[BlackElo "2037"]
[Annotator "NA"]
[PlyCount "59"]
[EventDate "2019.06.29"]
[EventType "swiss"]
[EventCountry "SVK"]
[SourceTitle "playchess.com"]
[Source "ChessBase"]
[SourceQuality "1"]
[TimeControl "40/5400+30:1800+30"]

1. d4 Nf6 2. c4 c5 3. d5 e6 4. Nc3 exd5 5. cxd5 d6 6. e4 g6 7. f4 Bg7 8. Bb5+ Nfd7 9. a4 O-O 10. Nf3 a6 11. Bd3 Qc7 12. O-O c4 13. Bc2 Nf6 14. Be3 Nbd7 15. Kh1 Re8 16. Bd4 Nh5 17. Bxg7 Nxg7 18. f5 Ne5 19. Nd4 Qc5 20. Qd2 Nd3 21. fxg6 fxg6 22. Bxd3 Qxd4 23. Qf4 Bd7 24. Qf7+ Kh8 25. Bxc4 Qxc4 26. Qxd7 Qb4 27. Rf2 h5 28. Raf1 Qd4 29. Qxd6 Nf5 30. Qxg6 1-0

[Event "22nd Ruzomberok Open 2019"]
[Site "Ruzomberok"]
[Date "2019.07.02"]
[Round "4.17"]
[White "Palider, Pavol"]
[Black "Taragelova, Martina"]
[Result "1-0"]
[ECO "D01"]
[WhiteElo "2026"]
[BlackElo "1719"]
[Annotator "NA"]
[PlyCount "61"]
[EventDate "2019.06.29"]
[EventType "swiss"]
[EventCountry "SVK"]
[SourceTitle "playchess.com"]
[Source "ChessBase"]
[SourceQuality "1"]
[TimeControl "40/5400+30:1800+30"]

1. d4 d5 2. Nc3 Nf6 3. Bg5 Nbd7 4. Nf3 h6 5. Bf4 c5 6. e3 a6 7. a4 e6 8. h3 Qa5 9. Qd2 c4 10. Nb1 Bb4 11. c3 Be7 12. Be2 b5 13. O-O b4 14. Qc1 Ne4 15. Nfd2 Nxd2 16. Nxd2 O-O 17. e4 Re8 18. e5 Nb6 19. Bd1 Bd7 20. Bc2 Reb8 21. Nf3 Bf8 22. Bd2 b3 23. Bb1 Nxa4 24. g4 Qd8 25. g5 hxg5 26. Nxg5 Be7 27. f4 Nb6 28. Qd1 f5 29. exf6 Bxf6 30. Qh5 Nc8 31. Bh7+ 1-0

[Event "22nd Ruzomberok Open 2019"]
[Site "Ruzomberok"]
[Date "2019.07.02"]
[Round "4.18"]
[White "Mc Aleenan, Charles"]
[Black "Viczencz, Peter"]
[Result "0-1"]
[ECO "A43"]
[WhiteElo "1746"]
[BlackElo "2014"]
[Annotator "NA"]
[PlyCount "60"]
[EventDate "2019.06.29"]
[EventType "swiss"]
[EventCountry "SVK"]
[SourceTitle "playchess.com"]
[Source "ChessBase"]
[SourceQuality "1"]
[TimeControl "40/5400+30:1800+30"]

1. d4 c5 2. c3 e6 3. Nf3 Nf6 4. g3 Be7 5. Bg2 O-O 6. O-O Nc6 7. a4 h6 8. Na3 a6 9. Nc2 d5 10. h3 c4 11. Bf4 Na5 12. Nd2 Nh5 13. e3 Nxf4 14. exf4 f5 15. Ne3 Qc7 16. Qe2 Bd6 17. Nf3 Bd7 18. Ne5 Bxe5 19. fxe5 Nb3 20. Ra3 Bc6 21. Rd1 Qd7 22. a5 Ba4 23. Nxd5 exd5 24. Rxa4 Qxa4 25. Bxd5+ Kh8 26. e6 Nxa5 27. e7 Rfe8 28. Re1 Qd7 29. Bf7 Nc6 30. Qxc4 Rxe7 0-1

[Event "22nd Ruzomberok Open 2019"]
[Site "Ruzomberok"]
[Date "2019.07.02"]
[Round "4.19"]
[White "Galbavy, Dusan"]
[Black "Bakalar, Jan"]
[Result "1/2-1/2"]
[ECO "B23"]
[WhiteElo "1678"]
[BlackElo "1969"]
[Annotator "NA"]
[PlyCount "40"]
[EventDate "2019.06.29"]
[EventType "swiss"]
[EventCountry "SVK"]
[SourceTitle "playchess.com"]
[Source "ChessBase"]
[SourceQuality "1"]
[TimeControl "40/5400+30:1800+30"]

1. e4 c5 2. Nc3 g6 3. f4 Bg7 4. Nf3 Nc6 5. Bc4 e6 6. a3 a6 7. d3 Nge7 8. O-O O-O 9. Bd2 b5 10. Ba2 b4 11. axb4 cxb4 12. Na4 d5 13. e5 a5 14. c3 Ba6 15. Be3 f6 16. exf6 Bxf6 17. Re1 Re8 18. d4 Nf5 19. Bf2 bxc3 20. bxc3 Bc8 1/2-1/2

[Event "22nd Ruzomberok Open 2019"]
[Site "Ruzomberok"]
[Date "2019.07.02"]
[Round "4.20"]
[White "Baleja, Marian"]
[Black "Cabanova, Kristina"]
[Result "1-0"]
[ECO "C11"]
[WhiteElo "1951"]
[BlackElo "1728"]
[Annotator "NA"]
[PlyCount "71"]
[EventDate "2019.06.29"]
[EventType "swiss"]
[EventCountry "SVK"]
[SourceTitle "playchess.com"]
[Source "ChessBase"]
[SourceQuality "1"]
[TimeControl "40/5400+30:1800+30"]

1. e4 e6 2. d4 d5 3. Nc3 Nf6 4. Bg5 dxe4 5. Nxe4 Be7 6. Bxf6 Bxf6 7. Nf3 O-O 8. Qd2 Nd7 9. Bd3 b6 10. O-O-O Bb7 11. Qf4 Rc8 12. h4 Be7 13. c3 c6 14. g4 Qc7 15. Qd2 c5 16. Rh3 cxd4 17. Nxd4 Ne5 18. Bc2 Rfd8 19. Qe2 Bd5 20. b3 Ng6 21. Qe3 Qf4 22. c4 Bxe4 23. Bxe4 Qd6 24. Bxg6 hxg6 25. Rd2 Qa3+ 26. Kb1 Qb4 27. Qe2 Bf6 28. Rhd3 Qc5 29. Nf3 b5 30. Rxd8+ Bxd8 31. Qd3 Qc7 32. c5 Qxc5 33. Qxd8+ Kh7 34. Ng5+ Kh6 35. Nxf7+ Kh7 36. Qxc8 1-0

[Event "22nd Ruzomberok Open 2019"]
[Site "Ruzomberok"]
[Date "2019.07.02"]
[Round "4.21"]
[White "Janik, Miroslav"]
[Black "Jakab, Stefan"]
[Result "1-0"]
[ECO "B32"]
[WhiteElo "1889"]
[BlackElo "1751"]
[Annotator "NA"]
[PlyCount "77"]
[EventDate "2019.06.29"]
[EventType "swiss"]
[EventCountry "SVK"]
[SourceTitle "playchess.com"]
[Source "ChessBase"]
[SourceQuality "1"]
[TimeControl "40/5400+30:1800+30"]

1. e4 c5 2. Nf3 Nc6 3. d4 cxd4 4. Nxd4 d6 5. Nc3 a6 6. g3 Nf6 7. Bg2 g6 8. Nxc6 bxc6 9. e5 Nd5 10. Nxd5 cxd5 11. Bxd5 Rb8 12. exd6 e6 13. Bg2 Bxd6 14. Bc6+ Ke7 15. O-O Qb6 16. Qf3 f6 17. Rd1 Bb7 18. Bxb7 Rxb7 19. Be3 Qc7 20. Rd3 Rd8 21. Rad1 Rbb8 22. Bd4 e5 23. Bc3 a5 24. Rd5 Bc5 25. Qd3 Rxd5 26. Qxd5 Rb5 27. Kg2 Rb8 28. a4 h5 29. Qe4 Qb7 30. Qxb7+ Rxb7 31. b3 Bb4 32. Bxb4+ axb4 33. f4 e4 34. Rd4 f5 35. a5 Rc7 36. Rxb4 Rxc2+ 37. Kf1 Kd7 38. Ra4 Rxh2 39. a6 1-0